[ AOE2 MATCH · #505527981 ]
UnrankedGoths vs Sicilians
Player's team · WIN
Rival team · LOSS
[ REPLAY ANALYSIS · EXTRACTED FROM THE RECORDED GAME ]
Feudal
10:02
Castle
25:11
Imperial
39:42
| APM avg | 34.7 |
| APM peak | 67 |
| eAPM avg | 20.6 |
| Villagers / military | 131 / 177 |
Focus
⚔️ 33.2% · 🌾 66.8%
Militia ×145 · Huskarl ×21 · Scorpion ×6 · Mangonel ×2 · Battering Ram ×2 · Trebuchet (Packed) ×1
Feudal
9:50
Castle
28:37
Imperial
—
| APM avg | 49.0 |
| APM peak | 65 |
| eAPM avg | 25.7 |
| Villagers / military | 101 / 146 |
Focus
⚔️ 40.7% · 🌾 59.3%
Archer ×67 · Serjeant ×61 · Militia ×9 · Monk ×3 · Skirmisher ×3 · Mangonel ×2
Match map
Initial resources + every placement click. Lines = walls · curves = elevation contours. ◆ gold · ⬟ stone · ● berries · ✦ relic · ◌ wall gap
Your base· Open — 8t gap
agrippa_rawrr's base· ✓ Closed at 28:37 · 15t walls · no gate
Smoothed initial terrain · ◌ = detected wall gap · hover for details
Inputs per minute
— matias_dka - - agrippa_rawrr
Build order — matias_dka
First 150 of 409 actions detected
| 0:05 | Create | Villager (Male) |
| 0:05 | Create | Villager (Male) |
| 0:05 | Create | Villager (Male) |
| 0:07 | Build | House |
| 0:09 | Build | House |
| 0:21 | Create | Villager (Male) |
| 0:21 | Create | Villager (Male) |
| 1:41 | Create | Villager (Male) |
| 1:41 | Create | Villager (Male) |
| 1:41 | Create | Villager (Male) |
| 2:07 | Create | Villager (Male) |
| 2:07 | Create | Villager (Male) |
| 2:15 | Build | Lumber Camp |
| 3:05 | Create | Villager (Male) |
| 3:05 | Create | Villager (Male) |
| 3:31 | Create | Villager (Male) |
| 3:31 | Create | Villager (Male) |
| 3:31 | Create | Villager (Male) |
| 3:32 | Create | Villager (Male) |
| 3:49 | Build | House |
| 3:59 | Create | Villager (Male) |
| 4:00 | Create | Villager (Male) |
| 4:00 | Create | Villager (Male) |
| 4:09 | Research | Loom |
| 4:52 | Create | Villager (Male) |
| 4:52 | Create | Villager (Male) |
| 4:52 | Create | Villager (Male) |
| 4:53 | Create | Villager (Male) |
| 5:04 | Build | Mill |
| 5:18 | Create | Villager (Male) |
| 5:18 | Create | Villager (Male) |
| 5:58 | Build | House |
| 6:29 | Create | Villager (Male) |
| 6:29 | Create | Villager (Male) |
| 6:35 | Build | Barracks |
| 7:17 | Create | Villager (Male) |
| 7:27 | Create | Villager (Male) |
| 7:39 | Research | Feudal Age |
| 7:55 | Create | Militia |
| 7:55 | Create | Militia |
| 8:04 | Build | House |
| 8:20 | Build | Mining Camp |
| 8:55 | Create | Militia |
| 10:02 | Age | Feudal Age |
| 10:04 | Create | Villager (Male) |
| 10:07 | Research | Man-at-Arms (upgrade) |
| 10:11 | Create | Villager (Male) |
| 10:22 | Research | Double-Bit Axe |
| 10:23 | Create | Villager (Male) |
| 10:50 | Create | Villager (Male) |
| 10:53 | Create | Militia |
| 10:53 | Create | Militia |
| 11:04 | Create | Villager (Male) |
| 11:07 | Build | House |
| 11:23 | Create | Villager (Male) |
| 11:25 | Build | Farm |
| 11:28 | Build | Farm |
| 11:31 | Create | Militia |
| 11:39 | Build | House |
| 11:50 | Build | House |
| 11:54 | Create | Villager (Male) |
| 11:56 | Build | Farm |
| 11:59 | Build | Farm |
| 12:02 | Build | Farm |
| 12:08 | Build | Farm |
| 12:09 | Build | Farm |
| 12:12 | Create | Villager (Male) |
| 12:39 | Create | Villager (Male) |
| 12:42 | Build | Farm |
| 12:44 | Build | Farm |
| 12:44 | Create | Villager (Male) |
| 13:04 | Build | Farm |
| 13:09 | Create | Militia |
| 13:28 | Build | Watch Tower |
| 13:43 | Create | Villager (Male) |
| 13:47 | Build | Farm |
| 13:48 | Build | Farm |
| 14:09 | Build | House |
| 14:10 | Build | House |
| 14:36 | Build | Palisade Wall |
| 14:39 | Build | Palisade Wall |
| 14:40 | Create | Militia |
| 14:40 | Create | Militia |
| 15:18 | Build | Mining Camp |
| 15:21 | Create | Villager (Male) |
| 15:26 | Create | Militia |
| 15:32 | Create | Villager (Male) |
| 15:58 | Create | Villager (Male) |
| 16:10 | Create | Militia |
| 16:18 | Create | Militia |
| 16:20 | Create | Villager (Male) |
| 16:23 | Build | Farm |
| 16:25 | Build | Farm |
| 16:34 | Create | Militia |
| 16:34 | Create | Militia |
| 16:39 | Create | Villager (Male) |
| 16:51 | Build | Mining Camp |
| 17:02 | Create | Militia |
| 17:02 | Create | Militia |
| 17:30 | Create | Militia |
| 17:39 | Create | Militia |
| 17:40 | Create | Villager (Male) |
| 17:41 | Create | Villager (Male) |
| 17:47 | Build | Farm |
| 17:49 | Build | Farm |
| 17:52 | Build | Farm |
| 17:53 | Build | Farm |
| 17:55 | Create | Villager (Male) |
| 18:01 | Create | Militia |
| 18:17 | Build | Barracks |
| 18:20 | Build | Farm |
| 18:22 | Build | Farm |
| 18:22 | Build | Farm |
| 18:32 | Create | Militia |
| 18:57 | Build | Barracks |
| 19:00 | Create | Villager (Male) |
| 19:03 | Build | Farm |
| 19:08 | Research | Horse Collar |
| 19:10 | Create | Villager (Male) |
| 19:13 | Build | Farm |
| 19:15 | Build | Farm |
| 19:15 | Create | Villager (Male) |
| 19:25 | Create | Militia |
| 19:34 | Create | Villager (Male) |
| 19:36 | Create | Militia |
| 19:37 | Create | Militia |
| 19:53 | Create | Militia |
| 19:53 | Create | Militia |
| 19:54 | Create | Militia |
| 20:06 | Build | Watch Tower |
| 20:09 | Create | Villager (Male) |
| 20:13 | Build | Palisade Wall |
| 20:17 | Build | Palisade Wall |
| 20:20 | Build | Palisade Wall |
| 20:22 | Build | House |
| 20:31 | Build | Palisade Wall |
| 20:31 | Create | Militia |
| 20:32 | Create | Militia |
| 20:33 | Create | Militia |
| 20:33 | Create | Militia |
| 20:38 | Build | House |
| 20:42 | Build | Blacksmith |
| 20:46 | Create | Militia |
| 20:51 | Create | Militia |
| 21:23 | Build | Market |
| 21:40 | Research | Scale Mail Armor |
| 21:55 | Create | Militia |
| 21:55 | Create | Militia |
| 22:19 | Create | Villager (Male) |
| 22:31 | Research | Castle Age |
Build order — agrippa_rawrr
First 150 of 376 actions detected
| 0:02 | Build | House |
| 0:03 | Create | Villager (Male) |
| 0:03 | Create | Villager (Male) |
| 0:04 | Build | House |
| 0:07 | Create | Villager (Male) |
| 0:11 | Create | Villager (Male) |
| 1:36 | Create | Villager (Male) |
| 1:56 | Create | Villager (Male) |
| 1:56 | Create | Villager (Male) |
| 2:03 | Build | Lumber Camp |
| 2:31 | Create | Villager (Male) |
| 2:57 | Create | Villager (Male) |
| 3:17 | Create | Villager (Male) |
| 3:42 | Create | Villager (Male) |
| 4:07 | Build | House |
| 4:08 | Build | House |
| 4:16 | Create | Villager (Male) |
| 4:16 | Create | Villager (Male) |
| 4:27 | Create | Villager (Male) |
| 4:41 | Create | Villager (Male) |
| 5:04 | Create | Villager (Male) |
| 5:50 | Create | Villager (Male) |
| 6:16 | Build | Mill |
| 6:19 | Create | Villager (Male) |
| 6:41 | Create | Villager (Male) |
| 6:58 | Build | Barracks |
| 7:13 | Research | Loom |
| 7:40 | Research | Feudal Age |
| 7:47 | Build | House |
| 8:14 | Build | Mining Camp |
| 8:17 | Create | Militia |
| 8:17 | Create | Militia |
| 9:26 | Create | Militia |
| 9:42 | Create | Villager (Male) |
| 9:50 | Age | Feudal Age |
| 10:05 | Research | Man-at-Arms (upgrade) |
| 10:13 | Create | Villager (Male) |
| 10:16 | Build | House |
| 10:26 | Research | Double-Bit Axe |
| 11:01 | Create | Villager (Male) |
| 11:01 | Create | Villager (Male) |
| 11:31 | Build | Archery Range |
| 11:35 | Create | Villager (Male) |
| 11:46 | Build | Palisade Wall |
| 11:47 | Build | Palisade Wall |
| 11:48 | Build | Palisade Wall |
| 11:54 | Build | Palisade Wall |
| 11:59 | Build | Palisade Wall |
| 12:00 | Build | Palisade Wall |
| 12:01 | Build | Palisade Wall |
| 12:02 | Build | Palisade Wall |
| 12:02 | Build | Palisade Wall |
| 12:07 | Create | Militia |
| 12:10 | Create | Villager (Male) |
| 12:19 | Build | Farm |
| 12:21 | Build | Farm |
| 12:23 | Build | Farm |
| 12:27 | Build | Farm |
| 12:45 | Create | Villager (Male) |
| 13:04 | Create | Villager (Male) |
| 13:16 | Build | Donjon |
| 13:19 | Create | Villager (Male) |
| 13:23 | Create | Villager (Male) |
| 13:27 | Build | House |
| 13:29 | Build | House |
| 13:31 | Build | House |
| 13:34 | Build | Blacksmith |
| 13:36 | Build | Farm |
| 13:36 | Build | Farm |
| 13:41 | Build | Farm |
| 13:51 | Create | Militia |
| 13:54 | Create | Archer |
| 13:54 | Create | Archer |
| 13:57 | Build | House |
| 14:06 | Create | Villager (Male) |
| 14:25 | Research | Fletching |
| 14:37 | Create | Villager (Male) |
| 14:56 | Create | Villager (Male) |
| 15:11 | Create | Villager (Male) |
| 15:20 | Create | Skirmisher |
| 15:25 | Build | House |
| 15:34 | Create | Villager (Male) |
| 15:39 | Create | Villager (Male) |
| 16:02 | Create | Villager (Male) |
| 16:08 | Create | Villager (Male) |
| 16:48 | Create | Skirmisher |
| 16:48 | Create | Skirmisher |
| 17:01 | Build | Farm |
| 17:02 | Build | Farm |
| 17:03 | Build | Farm |
| 17:06 | Build | Farm |
| 17:21 | Create | Villager (Male) |
| 17:34 | Create | Villager (Male) |
| 18:07 | Create | Villager (Male) |
| 18:12 | Create | Archer |
| 18:12 | Create | Archer |
| 18:17 | Create | Villager (Male) |
| 18:23 | Build | House |
| 18:26 | Build | Farm |
| 18:27 | Research | Horse Collar |
| 18:44 | Create | Archer |
| 18:54 | Create | Villager (Male) |
| 19:03 | Create | Militia |
| 19:03 | Create | Militia |
| 19:12 | Build | Archery Range |
| 19:17 | Create | Archer |
| 19:24 | Create | Villager (Male) |
| 19:36 | Create | Villager (Male) |
| 19:42 | Create | Villager (Male) |
| 19:44 | Create | Archer |
| 19:54 | Create | Militia |
| 19:54 | Create | Militia |
| 19:55 | Create | Archer |
| 19:55 | Create | Archer |
| 20:02 | Build | Farm |
| 20:02 | Build | Farm |
| 20:16 | Create | Archer |
| 20:25 | Create | Villager (Male) |
| 20:25 | Create | Villager (Male) |
| 20:35 | Create | Archer |
| 20:35 | Create | Archer |
| 20:40 | Build | Farm |
| 20:54 | Create | Villager (Male) |
| 20:56 | Create | Archer |
| 21:22 | Create | Villager (Male) |
| 21:31 | Create | Villager (Male) |
| 21:36 | Create | Archer |
| 21:37 | Create | Archer |
| 21:38 | Research | Padded Archer Armor |
| 21:40 | Create | Archer |
| 21:40 | Create | Archer |
| 21:44 | Build | Stone Wall |
| 21:45 | Build | Stone Wall |
| 21:51 | Build | Stone Wall |
| 21:53 | Build | Stone Wall |
| 22:08 | Build | Stone Wall |
| 22:10 | Build | Stone Wall |
| 22:15 | Create | Villager (Male) |
| 22:15 | Create | Archer |
| 22:32 | Create | Villager (Male) |
| 22:36 | Build | House |
| 22:42 | Build | Archery Range |
| 22:47 | Build | Archery Range |
| 22:50 | Create | Archer |
| 22:50 | Create | Archer |
| 23:31 | Create | Villager (Male) |
| 23:32 | Create | Villager (Male) |
| 23:43 | Build | Farm |
| 24:01 | Create | Villager (Male) |
| 24:05 | Create | Villager (Male) |
Match timeline
| 6:35 | matias_dka · first_building Barracks |
| 6:58 | agrippa_rawrr · first_building Barracks |
| 9:50 | agrippa_rawrr · age_up feudal |
| 10:02 | matias_dka · age_up feudal |
| 11:31 | agrippa_rawrr · first_building Archery Range |
| 11:46 | agrippa_rawrr · wall_segment Palisade Wall x1 |
| 11:47 | agrippa_rawrr · wall_segment Palisade Wall x1 |
| 11:48 | agrippa_rawrr · wall_segment Palisade Wall x1 |
| 11:54 | agrippa_rawrr · wall_segment Palisade Wall x1 |
| 11:59 | agrippa_rawrr · wall_segment Palisade Wall x2 |
| 12:00 | agrippa_rawrr · wall_segment Palisade Wall x1 |
| 12:01 | agrippa_rawrr · wall_segment Palisade Wall x1 |
| 12:02 | agrippa_rawrr · wall_segment Palisade Wall x1 |
| 12:02 | agrippa_rawrr · wall_segment Palisade Wall x1 |
| 13:16 | agrippa_rawrr · first_building Donjon |
| 14:36 | matias_dka · wall_segment Palisade Wall x1 |
| 14:39 | matias_dka · wall_segment Palisade Wall x1 |
| 20:13 | matias_dka · wall_segment Palisade Wall x1 |
| 20:17 | matias_dka · wall_segment Palisade Wall x1 |
| 20:20 | matias_dka · wall_segment Palisade Wall x1 |
| 20:31 | matias_dka · wall_segment Palisade Wall x1 |
| 21:44 | agrippa_rawrr · wall_segment Stone Wall x1 |
| 21:45 | agrippa_rawrr · wall_segment Stone Wall x1 |
| 21:51 | agrippa_rawrr · wall_segment Stone Wall x1 |
| 21:53 | agrippa_rawrr · wall_segment Stone Wall x1 |
| 22:08 | agrippa_rawrr · wall_segment Stone Wall x1 |
| 22:10 | agrippa_rawrr · wall_segment Stone Wall x1 |
| 22:22 | matias_dka · first_market_sell 100 wood |
| 23:52 | matias_dka · first_market_buy 100 wood |
| 24:54 | agrippa_rawrr · first_market_sell 100 food |
| 25:11 | matias_dka · age_up castle |
| 25:48 | matias_dka · first_building Siege Workshop |
| 28:35 | agrippa_rawrr · wall_segment Stone Wall x3 |
| 28:37 | agrippa_rawrr · age_up castle |
| 28:38 | agrippa_rawrr · wall_segment Stone Wall x4 |
| 28:47 | agrippa_rawrr · first_market_buy 100 food |
| 32:13 | agrippa_rawrr · first_building Siege Workshop |
| 35:00 | matias_dka · first_building Monastery |
| 38:56 | matias_dka · first_building Castle |
| 39:42 | matias_dka · age_up imperial |
| 46:40 | agrippa_rawrr · first_building Monastery |
| 49:33 | agrippa_rawrr · resign |
[ AI ANALYSIS · 1 CREDIT ]
What really happened in this match?
Wolo.gg analyzes every decision: build order, eco, micro, common mistakes by bracket. Personalized analysis on WhatsApp or Discord in 30 seconds.
Civ guide
Goths
Perfil
matias_dka